 Dungeon Crawl Stone Soup version 0.27-a0-1273-gec92ba881d (webtiles) character file.

Game seed: 4277586626223805361

126 rabbitsville the Skirmisher (level 5, -17/46 HPs)
             Began as a Hill Orc Fighter on June 11, 2021.
             Was a Follower of Beogh.
             Demolished by an ogre
             ... wielding a +0 giant club
              (18 damage)
             ... on level 5 of the Dungeon on June 12, 2021.
             The game lasted 00:36:07 (4031 turns).

rabbitsville the Skirmisher (Hill Orc Fighter)      Turns: 4031, Time: 00:36:09

Health: -17/46     AC: 10    Str: 20    XL:     5   Next: 10%
Magic:  6/6        EV:  7    Int:  8    God:    Beogh [*.....]
Gold:   214        SH:  0    Dex: 10    Spells: 4/4 levels left

rFire    . . .     SeeInvis .   i - +3 great mace (protect)
rCold    . . .     Faith    .   (shield currently unavailable)
rNeg     . . .     Spirit   .   l - +0 chain mail
rPois    +         Reflect  .   (no helmet)
rElec    .         Harm     .   (no cloak)
rCorr    .         Rampage  .   (no gloves)
Will     .....                  k - +0 pair of boots
Stlth    ..........             (no amulet)
HPRegen  0.15/turn              m - ring of poison resistance
MPRegen  0.10/turn              (no ring)

@: no status effects
A: no striking features
a: Renounce Religion


You were on level 5 of the Dungeon.
You worshipped Beogh.
Beogh was aware of your devotion.
You visited 1 branch of the dungeon, and saw 5 of its levels.

You collected 214 gold pieces.

Inventory:

Hand Weapons
 a - a +0 war axe
 i - a +3 great mace of protection (weapon)
Missiles
 r - 58 stones (quivered)
Armour
 b - a +0 scale mail
 c - a +0 kite shield
 f - a +0 plate armour
 k - a +0 pair of boots (worn)
 l - a +0 chain mail (worn)
Jewellery
 m - a ring of poison resistance (left hand)
Scrolls
 e - a scroll of fog
 h - a scroll of brand weapon
Potions
 j - a potion of ambrosia {unknown}
 o - 2 potions of curing {unknown}
 p - 2 potions of mutation


   Skills:
 - Level 4.0 Fighting
 - Level 3.7(4.4) Axes
 * Level 3.0(3.6) Maces & Flails
 - Level 3.2 Armour
 - Level 3.7 Shields
 + Level 2.6 Invocations


You had 4 spell levels left.
You didn't know any spells.
Your spell library contained the following spells:

 Spells                   Type           Power      Damage    Failure   Level
 Corona                   Hex            0%         N/A       99%         1
 Ensorcelled Hibernation  Hex/Ice        0%         N/A       100%        2
 Confusing Touch          Hex            0%         N/A       100%        3
 Dazzling Flash           Conj/Hex       0%         N/A       100%        3
 Tukima's Dance           Hex            0%         N/A       100%        3


Dungeon Overview and Level Annotations

Branches:
Dungeon (5/15)             Temple (0/1) D:5

Altars:

Annotations:
D:2 Sigmund


Message History

The ogre hits you with a +0 giant club!!
Ouch! That really hurt!
You hit the ogre.
The ogre is moderately wounded.
The ogre barely misses you. The ogre closely misses you.
There is a stone staircase leading down here.
You climb downwards.
Found 14 gold pieces.
There is a stone staircase leading up here.
You start resting.
You feel a little less mighty now.
You start resting.
An iguana comes into view.
An ogre comes into view. It is wielding a +0 giant club.
The iguana barely misses you. The iguana bites you!
The iguana bites you but does no damage.
The ogre barely misses you.
The iguana bites you but does no damage.
The iguana closely misses you. The iguana bites you.
The ogre hits you with a +0 giant club!!
* * * LOW HITPOINT WARNING * * *
As you read the scroll labelled XAODIL QIHIY, it crumbles to dust.
You speak a Word of immense power!
It was a scroll of holy word.
The iguana closely misses you.
As you read the scroll labelled GAWKOMUGO, it crumbles to dust.
You feel aware of your surroundings.
You sensed 6 altars.
It was a scroll of magic mapping.
The ogre hits you with a +0 giant club.
* * * LOW HITPOINT WARNING * * *
The iguana barely misses you.
As you read the scroll labelled WEAFRO EDOO, it crumbles to dust.
You hear a loud clanging noise!
It was a scroll of noise.
You hear an angry hiss.
You hear an angry growl.
The iguana bites you.
* * * LOW HITPOINT WARNING * * *
The ogre hits you with a +0 giant club!!
You die...

##.## #...### #.....#
*#....# ###...### ***
#.....#.#
********,***#.......##*###
*,,*,,*,,,,*##..lO...##..##
*,,,,,,,,,**#...@..<......#
,,,,,,,,,,*##.............#
,,,,,,,,**#..............##
*,,,,,*,<*#..$...........#
,,,,,,*,,.............####
,,,,,,**,....#........#
,,,,,,,*,..###........#
,,,*,,,,,..**##.......#
,,,*,,,,,,,*,....##...#


You could see an ogre and an iguana.

Vanquished Creatures
  An orc wizard (D:3)
  2 adders
  An adder skeleton (D:4)
  A worm (D:2)
  3 dart slugs
  4 orcs (D:3)
  3 ball pythons
  6 endoplasms
  2 giant cockroaches
  6 goblins
  7 hobgoblins
  2 jackals (D:4)
  6 kobolds
  3 quokkas
  5 bats
  2 frilled lizards
  10 rats
  6 bushes
70 creatures vanquished.

Vanquished Creatures (others)
  An orc (D:3)
  7 plants
8 creatures vanquished.

Grand Total: 78 creatures vanquished

Notes
Turn   | Place    | Note
-------+----------+-------------------------------------------
     0 | D:1      | rabbitsville the Hill Orc Fighter began the quest for the
                  | Orb.
     0 | D:1      | Reached XP level 1. HP: 19/19 MP: 1/1
    48 | D:1      | You fall into a shaft and drop 1 floor!
   340 | D:2      | Noticed Sigmund
   442 | D:3      | Reached XP level 2. HP: 20/27 MP: 2/2
   570 | D:3      | Became a worshipper of Beogh the Brigand
  1020 | D:2      | Reached skill level 1 in Invocations
  1020 | D:2      | Reached XP level 3. HP: 33/33 MP: 3/3
  1815 | D:1      | Reached * piety under Beogh
  1816 | D:1      | Reached skill level 1 in Maces & Flails
  1908 | D:1      | Found a faded altar of an unknown god.
  2434 | D:1      | Reached skill level 4 in Fighting
  2651 | D:3      | Reached XP level 4. HP: 40/40 MP: 5/5
  3643 | D:4      | Reached XP level 5. HP: 46/46 MP: 6/6
  3894 | D:4      | Noticed an ogre
  3909 | D:5      | Entered Level 5 of the Dungeon
  4015 | D:5      | Noticed an ogre
  4031 | D:5      | HP: 1/46 [iguana (2)]
  4031 | D:5      | Demolished by an ogre

Illustrated notes

Levels and vault maps discovered:
D:1:      psy_arrival_radial02, layout_basic, ebering_ecumenical_altar_webs,
          minivault_14, amcnicky_mini_rare_corridor_liquid
D:2:      layout_basic, serial_forest, infiniplex_forest_clump_long,
          infiniplex_forest_pool, infiniplex_forest_lined_4_way,
          infiniplex_forest_fountain, infiniplex_forest_straight_2,
          infiniplex_forest_clump_small, infiniplex_forest_end_2,
          grunt_decor_arrowhead, uniq_crazy_yiuf_cottage, uniq_sigmund
D:3:      layout_loops_ring
D:4:      layout_loops_corners, serial_forest, infiniplex_forest_straight_4,
          infiniplex_forest_straight_4, infiniplex_forest_clump_curved,
          infiniplex_forest_straight_1, infiniplex_forest_fountain,
          infiniplex_forest_end_double, infiniplex_forest_straight_4,
          infiniplex_forest_end_3, minmay_misc_feat_chi, kennysheep_path_1
D:5:      layout_cave_pools, grunt_temple_overflow_open,
          minmay_temple_entry_drinking_statues, fountainhead

Skill      XL: |  1  2  3  4  5 |
---------------+----------------+-----
Axes           | 3 |  3.7
Invocations    | 1 2 |  2.6
Maces & Flails | 1 2 3 |  3.0
Fighting       | 4 |  4.0
Armour         | |  3.2
Shields        | |  3.7

Action                   |  1- 3 |  4- 6 || total
-------------------------+-------+-------++-------
Melee: War axe           |   300 |       ||   300
       Great mace        |    83 |    89 ||   172
Invok: Convert to Beogh  |     1 |       ||     1
  Use: Scroll            |     1 |     5 ||     6
       Potion            |       |     1 ||     1
Armor: Plate armour      |    96 |    26 ||   122
       Scale mail        |     3 |       ||     3
       Chain mail        |       |    22 ||    22
Dodge: Dodged            |    20 |    24 ||    44
Block: Kite shield       |    33 |       ||    33

Table legend: (Time is in decaauts)
 A = Elapsed time spent in this place.
 B = Non-inter-level travel time spent in this place.
 C = Inter-level travel time spent in this place.
 D = Time resting spent in this place.
 E = Time spent auto-exploring this place.
 F = Levels seen in this place.
 G = Mean time per level.
                   A        B        C        D        E       F      G
               +--------+--------+--------+--------+--------+-----+--------+
         Total |   4319 |   4319 |      0 |    370 |    265 |   5 |  863.8 |
       Dungeon |   4319 |   4319 |      0 |    370 |    265 |   5 |  863.8 |
               +--------+--------+--------+--------+--------+-----+--------+

Top non-repeatable levels by time:
     D:2: 1361 daAuts
     D:3: 1080 daAuts
     D:1: 961 daAuts
     D:4: 795 daAuts
     D:5: 121 daAuts
